 Dungeon Crawl Stone Soup version 0.28.0-1-gb440e238dd (webtiles) character file.

Game seed: 6521305488988397044

16726 serioussanchez the Martial Artist (level 12, 0/68 HPs)
             Began as a Demonspawn Transmuter on Feb 24, 2022.
             Was a High Priest of Hepliaklqana.
             Hit by a silver javelin thrown by a minotaur (23 damage)
             ... in a Gauntlet.
             The game lasted 01:01:36 (12411 turns).

serioussanchez the Martial Artist (DsTm)           Turns: 12411, Time: 01:01:36

Health: 0/68       AC: 10    Str: 20    XL:     12   Next: 12%
Magic:  0/23       EV: 35    Int: 17    God:    Hepliaklqana [*****.]
Gold:   1016       SH:  0    Dex: 15    Spells: 12/26 levels left

rFire   + . .      SeeInvis .     - Unarmed
rCold   . . .      Faith    .   (no shield)
rNeg    . . .      Spirit   +   y - +0 steam dragon scales
rPois   .          Reflect  .   (helmet currently unavailable)
rElec   .          Harm     .   S - +1 cloak of Cynicism {rF+ Int+2}
rCorr   .          Rampage  .   (gloves unavailable)
Will    .....      NoTele   +   (boots currently unavailable)
Stlth   +++.......              h - amulet of the acrobat
HPRegen 0.21/turn               G - +6 ring of strength
MPRegen 0.36/turn               w - +4 ring of evasion

@: appendages, acrobatic
A: horns 2, talons 2, reduced essence, claws 3, icy blue scales 2, demonic
guardian 2, magic shield, magic regeneration
a: End Transformation, Renounce Religion, Recall Ancestor, Ancestor Identity,
Transference, Idealise


You were in a Gauntlet.
You worshipped Hepliaklqana.
Hepliaklqana was extremely pleased with you.
You had temporarily grown beastly horns and talons.
You visited 2 branches of the dungeon, and saw 12 of its levels.
You also visited: Ossuary and Gauntlet.

You collected 1016 gold pieces.

Inventory:

Missiles
 O - 4 throwing nets
Armour
 a - a +0 robe
 e - a scarf of repulsion
 m - a scarf of repulsion
 y - +0 steam dragon scales (worn)
 M - a +2 leather armour of fire resistance
 S - the +1 cloak of Cynicism (worn) {rF+ Int+2}
   (You found it in a Gauntlet)

   Int:       It affects your intelligence (+2).
   rF:        It protects you from fire.
Jewellery
 g - a ring of protection from fire
 h - an amulet of the acrobat (around neck)
 q - a +4 ring of protection
 w - a +4 ring of evasion (right claw)
 G - a +6 ring of strength (left claw)
 K - an amulet of reflection
 P - a +6 ring of intelligence
 T - a +6 ring of strength
 U - the ring of Cuxuoj {+Blink rCorr Str+3 Int+5 Dex+6}
   (You found it in a Gauntlet)

   [ring of dexterity]

   Str:       It affects your strength (+3).
   Int:       It affects your intelligence (+5).
   Dex:       It affects your dexterity (+6).
   +Blink:    It lets you blink.
   rCorr:     It protects you from acid and corrosion.
Wands
 i - a wand of charming (8)
 k - a wand of iceblast (5)
 p - a wand of paralysis (12)
 r - a wand of digging (9)
 s - a wand of acid (6)
 J - a wand of flame (15)
Scrolls
 b - 3 scrolls of vulnerability {unknown}
 c - 3 scrolls of enchant weapon
 j - 3 scrolls of teleportation {unknown}
 o - 2 scrolls of fear {unknown}
 t - 4 scrolls of identify
 v - 6 scrolls of blinking
 x - a scroll of enchant armour {unknown}
 B - a scroll of fog {unknown}
 C - a scroll of holy word {unknown}
 H - a scroll of magic mapping {unknown}
 L - a scroll of summoning {unknown}
 Q - a scroll of acquirement {unknown}
 R - a scroll of torment {unknown}
Potions
 d - a potion of berserk rage
 f - 3 potions of flight
 l - 6 potions of curing
 n - 2 potions of resistance {unknown}
 u - 2 potions of brilliance {unknown}
 z - a potion of mutation {unknown}
 A - a potion of lignification {unknown}
 D - a potion of might
 E - a potion of haste {unknown}
 F - a potion of degeneration {unknown}
 I - a potion of invisibility {unknown}
 N - 2 potions of attraction {unknown}


   Skills:
 - Level 1.1 Fighting
 * Level 7.8 Dodging
 + Level 4.1 Stealth
 * Level 12.6 Unarmed Combat
 + Level 7.9 Spellcasting
 + Level 1.1 Hexes
 + Level 2.7 Summonings
 + Level 6.7 Transmutations
 + Level 1.0 Fire Magic
 + Level 0.5 Ice Magic


You had 12 spell levels left.
You knew the following spells:

 Your Spells              Type           Power      Damage    Failure   Level
a - Beastly Appendage     Tmut           58%        N/A       1%          1
b - Summon Small Mammal   Summ           64%        N/A       3%          1
c - Wereblood             Tmut           29%        N/A       1%          2
d - Summon Guardian Gole  Hex/Summ       13%        N/A       14%         3
e - Blink                 Tloc           12%        N/A       16%         2
f - Foxfire               Conj/Fire      32%        2x1d5     9%          1
g - Ice Form              Ice/Tmut       19%        N/A       24%         4

Your spell library contained the following spells:

 Spells                   Type           Power      Damage    Failure   Level
 Spider Form              Tmut/Pois      18%        N/A       8%          3
 Call Canine Familiar     Summ           16%        N/A       10%         3
 Corpse Rot               Necr/Air       12%        N/A       16%         2
 Inner Flame              Hex/Fire       10%        N/A       21%         3
 Conjure Flame            Conj/Fire      8%         6-21      26%         3
 Lesser Beckoning         Tloc           6%         N/A       32%         3
 Alistair's Intoxication  Tmut/Pois      12%        N/A       58%         5
 Flame Wave               Conj/Fire      8%         2d5       63%         4
 Hailstorm                Conj/Ice       7%         3d4       67%         4
 Dispel Undead            Necr           6%         3d8       71%         4
 Borgnjor's Vile Clutch   Necr/Erth      3%         N/A       96%         5
 Manifold Assault         Tloc           6%         N/A       96%         5
 Eringya's Noxious Bog    Tmut/Pois      9%         N/A       99%         6
 Death Channel            Necr           3%         N/A       100%        6
 Simulacrum               Ice/Necr       3%         N/A       100%        6


Dungeon Overview and Level Annotations

Branches:
Dungeon (9/15)             Temple (0/1) D:4            Lair (3/6) D:9
    Orc (0/2) D:9         Ossuary (visited)         Gauntlet (1/1)
  Swamp: Lair:2-4    Shoals: Lair:2-4     Snake: Lair:2-4    Spider: Lair:2-4

Altars:
Ashenzari
Hepliaklqana
Makhleb
Nemelex Xobeh
Qazlal
Ru
The Shining One

Annotations:
D:6 2 runed translucent doors, Crazy Yiuf; lake5's ghost, novice DECj Gauntlet 6 transporters, exclusion: orange crystal statue


Innate Abilities, Weirdness & Mutations

You have temporarily grown beastly horns and talons.
Your life essence is reduced to manifest your ancestor. (-10% HP)
You have claws for hands.
You are mostly covered in icy blue scales. (AC +3)
A demonic guardian rushes to your aid.
When hurt, damage is shared between your health and your magic reserves.
You regenerate magic rapidly.


Message History

You scratch the minotaur but do no damage.
You headbutt the minotaur.
The minotaur is moderately wounded.
The minotaur hits you with a +1 executioner's axe of distortion!!!
A demonic guardian appears!
Space warps around you. The minotaur misses you.
Your orange demon stings the minotaur but does no damage.
Your orange demon closely misses the minotaur.
You claw the minotaur!
You claw the minotaur, but do no damage.
You headbutt the minotaur, but do no damage.
The minotaur is moderately wounded.
You claw the minotaur!
You claw the minotaur, but do no damage.
The minotaur is heavily wounded.
The minotaur hits you with a +1 executioner's axe of distortion!
The minotaur hits your orange demon with a +1 executioner's axe of distortion!!
Space warps around your orange demon. The minotaur misses you.
Your orange demon stings the minotaur.
Your orange demon hits the minotaur but does no damage.
The minotaur hits your orange demon with a +1 executioner's axe of distortion!!
Space warps horribly around your orange demon!
Your orange demon dies!
Your orange demon disappears in a puff of smoke!
As you read the scroll of identify, it crumbles to dust.
v - 7 scrolls of blinking Attack: -) Claws
Press: ? - help, Dir - move target, p - minotaur You can't see that place. [the floor.]
Okay, then.
The minotaur bellows!
There is an open door here.
Blink to where?
Press: ? - help, Dir - move target, p - minotaur
As you read the scroll of blinking, it crumbles to dust.
T - a +6 ring of strength
U - the ring of Cuxuoj {+Blink rCorr Str+3 Int+5 Dex+6} The minotaur throws a silver javelin.
The silver javelin pierces through you!!
You die...

#...##≈
########.8.#≈≈
#..........##≈
##.##.###.8.###
#8..........##.
#.....#.#.8.#..
#########H#.#...#.∩
#8=8[8.8#...#.©.#..
#∩@.....H.###...#.8
#8|8[8.8#...#.©.#..
#########.#.#...#.∩
#.....#.#.8.#..
#8..........##.
##.##.###.8.# #
#..........# ≈
########.8.# ≈
#...#


You could see a minotaur.

Vanquished Creatures
  A soul eater (Gauntlet)
  A kobold demonologist (D:6)
  A komodo dragon (Lair:2)
  A red devil (Gauntlet)
  A polar bear (Lair:2)
  11 yaks
  A wyvern (Lair:2)
  A steam dragon (D:7)
  An acid dragon (D:8)
  6 water moccasins
  An ice beast (D:6)
  3 ogres
  2 sky beasts (D:7)
  7 wolves (Lair:1)
  A centaur (D:8)
  A phantom (D:7)
  Blork the orc (D:6)
  3 kobold brigands (D:6)
  2 scorpions
  4 bullfrogs
  2 wyvern skeletons
  12 wights
  2 crimson imps (Gauntlet)
  2 centaur zombies
  2 hounds (D:6)
  A centaur skeleton (D:7)
  3 orc priests
  A bullfrog skeleton (D:6)
  3 orc wizards
  3 hell rats (Lair:2)
  A hound skeleton (D:2)
  7 mummies (Ossuary)
  3 adders
  A shadow imp (Gauntlet)
  An adder skeleton (D:4)
  3 worms
  38 orcs
  5 ball pythons
  3 bats
  3 endoplasms
  A giant cockroach (D:2)
  5 goblins
  3 hobgoblins
  A quokka (D:2)
  A frilled lizard (D:2)
  12 kobolds
  A kobold zombie (Ossuary)
  2 orc zombies (Ossuary)
  3 rats
175 creatures vanquished.

Vanquished Creatures (collateral kills)
  Harold (Lair:1)
  3 hydras (Lair:2)
  A two-headed ogre (D:8)
  A black mamba (Lair:2)
  A smoke demon (Gauntlet)
  Maggie (D:7)
  A cane toad (Lair:2)
  A komodo dragon (Lair:1)
  A hornet (D:5)
  13 yaks
  A basilisk (Lair:1)
  A steam dragon (D:9)
  4 water moccasins
  An orc warrior (D:8)
  A necrophage (D:3)
  3 wolves (Lair:1)
  An ogre (D:4)
  2 phantoms
  3 kobold brigands
  A bullfrog (D:6)
  A wyvern skeleton (D:6)
  9 wights
  A howler monkey (D:8)
  A bullfrog skeleton (D:5)
  2 hounds
  2 orc priests (D:9)
  A centaur skeleton (D:4)
  2 iguanas (D:4)
  5 orc wizards
  A hell rat (Lair:2)
  A killer bee zombie (D:6)
  2 mummies
  4 gnolls (D:2)
  5 adders
  A shadow imp (Gauntlet)
  2 adder skeletons (D:4)
  3 worms
  24 orcs
  A ball python (D:3)
  A giant cockroach (D:3)
  2 gnoll zombies (Ossuary)
  2 hobgoblins
  3 kobolds
  2 quokkas (D:2)
  2 frilled lizards
  A hobgoblin zombie (Ossuary)
  A kobold zombie (Ossuary)
  An orc zombie (Ossuary)
125 creatures vanquished.

Vanquished Creatures (others)
  3 hell rats (Lair:2)
  4 battlemagi
  8 foxfires (Lair:2)
  17 fungi
  15 plants
47 creatures vanquished.

Grand Total: 347 creatures vanquished

Notes
Turn   | Place    | Note
-------+----------+-------------------------------------------
     0 | D:1      | serioussanchez the Demonspawn Transmuter began the quest
                  | for the Orb.
     0 | D:1      | Reached XP level 1. HP: 15/15 MP: 3/3
    37 | D:1      | Found a faded altar of an unknown god.
    52 | D:1      | Prayed at the altar of an unknown god.
    52 | D:1      | Became a worshipper of Hepliaklqana the Forgotten
    52 | D:1      | Reached * piety under Hepliaklqana
   351 | D:1      | Reached skill level 3 in Unarmed Combat
   557 | D:1      | Gained mutation: You regenerate magic rapidly. [demonic
                  | ancestry]
   557 | D:1      | Reached XP level 2. HP: 18/18 MP: 3/5
   672 | D:1      | Reached ** piety under Hepliaklqana
   673 | D:1      | Remembered your ancestor Thamphthis as a battlemage
  1386 | D:2      | Gained mutation: You have sharp fingernails. [demonic
                  | ancestry]
  1386 | D:2      | Reached XP level 3. HP: 22/23 MP: 6/6
  1644 | D:2      | Reached XP level 4. HP: 28/28 MP: 5/8
  1901 | D:2      | Reached skill level 4 in Unarmed Combat
  2385 | D:3      | Learned a level 1 spell: Summon Small Mammal
  2558 | D:3      | Noticed a necrophage
  2578 | D:3      | Killed a necrophage
  2579 | D:3      | Gained mutation: A weak demonic guardian rushes to your
                  | aid. [demonic ancestry]
  2579 | D:3      | Reached XP level 5. HP: 22/33 MP: 7/10
  2846 | D:3      | Gained mutation: You have very sharp fingernails. [demonic
                  | ancestry]
  2846 | D:3      | Reached XP level 6. HP: 11/38 MP: 11/11
  3178 | D:3      | Reached *** piety under Hepliaklqana
  3426 | D:4      | Reached skill level 1 in Stealth
  4061 | D:4      | Reached skill level 5 in Unarmed Combat
  4061 | D:4      | Gained mutation: You have claws for hands. [demonic
                  | ancestry]
  4061 | D:4      | Reached XP level 7. HP: 43/43 MP: 10/12
  4287 | D:4      | Found a staircase to the Ecumenical Temple.
  4366 | D:5      | Entered Level 5 of the Dungeon
  4537 | D:5      | Noticed a hornet
  4543 | D:5      | Killed a hornet
  4858 | D:5      | Learned a level 2 spell: Wereblood
  4875 | D:5      | Reached skill level 6 in Unarmed Combat
  4875 | D:5      | Gained mutation: You are partially covered in icy blue
                  | scales. (AC +2) [demonic ancestry]
  4875 | D:5      | Reached XP level 8. HP: 48/48 MP: 9/14
  5105 | D:6      | Noticed a kobold demonologist
  5164 | D:6      | Noticed Blork the orc
  5172 | D:6      | Killed Blork the orc
  5173 | D:6      | Reached skill level 1 in Summonings
  5275 | D:6      | Found a sparkling altar of Nemelex Xobeh.
  5353 | D:6      | Reached skill level 7 in Unarmed Combat
  5353 | D:6      | Reached skill level 5 in Spellcasting
  5358 | D:6      | Killed a kobold demonologist
  5363 | D:6      | Gained mutation: A demonic guardian rushes to your aid.
                  | [demonic ancestry]
  5363 | D:6      | Reached XP level 9. HP: 47/53 MP: 16/16
  5397 | D:6      | Found a runed translucent door.
  5399 | D:6      | Noticed lake5's ghost (novice DECj)
  5532 | D:6      | Found a runed translucent door.
  5533 | D:6      | Noticed Crazy Yiuf
  5770 | D:6      | Reached skill level 8 in Unarmed Combat
  6261 | D:7      | Reached skill level 5 in Dodging
  6418 | D:7      | Reached **** piety under Hepliaklqana
  6772 | D:7      | Noticed Maggie
  6785 | D:7      | Killed Maggie
  6786 | D:7      | Reached skill level 9 in Unarmed Combat
  7166 | D:8      | Learned a level 3 spell: Summon Guardian Golem
  7193 | D:8      | Found a sand-covered staircase.
  7202 | Ossuary  | Entered an ossuary
  7435 | D:8      | Reached XP level 10. HP: 47/58 MP: 14/19
  7446 | D:8      | Reached skill level 5 in Transmutations
  7641 | D:8      | Noticed a two-headed ogre
  7652 | D:8      | Killed a two-headed ogre
  8124 | D:9      | Found a staircase to the Lair.
  8135 | D:9      | Reached skill level 10 in Unarmed Combat
  8139 | Lair:1   | Entered Level 1 of the Lair of Beasts
  8166 | Lair:1   | Noticed Harold
  8184 | Lair:1   | Killed Harold
  8543 | D:9      | Found a broken altar of Ashenzari.
  8546 | D:9      | Found a sacrificial altar of Ru.
  8548 | D:9      | Found a burning altar of Makhleb.
  8549 | D:9      | Found a stormy altar of Qazlal.
  8797 | D:9      | Found a staircase to the Orcish Mines.
  9024 | D:9      | Gained mutation: You are mostly covered in icy blue scales.
                  | (AC +3) [demonic ancestry]
  9024 | D:9      | Reached XP level 11. HP: 58/63 MP: 21/21
  9043 | D:9      | Reached skill level 11 in Unarmed Combat
  9825 | Lair:1   | Reached ***** piety under Hepliaklqana
  9837 | Lair:1   | Learned a level 2 spell: Blink
 10430 | Lair:2   | Noticed a six-headed hydra
 10547 | Lair:1   | Learned a level 1 spell: Foxfire
 10764 | Lair:2   | Reached skill level 1 in Hexes
 10776 | Lair:2   | Noticed a five-headed hydra
 10856 | Lair:2   | Learned a level 4 spell: Ice Form
 10879 | Lair:2   | Reached skill level 12 in Unarmed Combat
 10884 | Lair:2   | Killed a six-headed hydra
 11182 | Lair:2   | Noticed a four-headed hydra
 11196 | Lair:2   | Killed a four-headed hydra
 11210 | Lair:2   | Reached skill level 1 in Fire Magic
 11569 | Lair:2   | Killed a five-headed hydra
 11570 | Lair:2   | Gained mutation: When hurt, damage is shared between your
                  | health and your magic reserves. [demonic ancestry]
 11570 | Lair:2   | Reached XP level 12. HP: 36/68 MP: 20/23
 12086 | Lair:3   | Found a gate leading to a gauntlet.
 12095 | Gauntlet | Entered a Gauntlet
 12095 | Gauntlet | Found a transporter.
 12095 | Gauntlet | Found a transporter.
 12097 | Gauntlet | Found a transporter.
 12101 | Gauntlet | Found a transporter.
 12101 | Gauntlet | Found a transporter.
 12123 | Gauntlet | Found a transporter.
 12235 | Gauntlet | Found a transporter.
 12235 | Gauntlet | Found a transporter.
 12239 | Gauntlet | Found a transporter.
 12239 | Gauntlet | Found a transporter.
 12293 | Gauntlet | Found a transporter.
 12293 | Gauntlet | Found a transporter.
 12317 | Gauntlet | Identified the +1 cloak of Cynicism {rF+ Int+2}
 12387 | Gauntlet | Noticed a minotaur
 12409 | Gauntlet | Identified the ring of Cuxuoj {+Blink rCorr Str+3 Int+5
                  | Dex+6}
 12411 | Gauntlet | Hit by a silver javelin thrown by a minotaur

Illustrated notes

Levels and vault maps discovered:
D:1:      onia_arrival_pentagram, layout_loops_corners,
          ebering_ecumenical_altar_sacrificial
D:2:      wad_lake_hut, layout_basic, corner_web_ring
D:3:      layout_basic
D:4:      minmay_skewed_foursquare, layout_loops_ring,
          minmay_temple_entry_enclosed_plants
D:5:      layout_rooms
D:6:      layout_basic, mainiacjoe_overflow_tiny_flanked,
          ebering_ghost_reflecting_pool, uniq_crazy_yiuf_cottage,
          uniq_blork_the_orc
D:7:      layout_basic, uniq_maggie
D:8:      layout_rooms, gup_ossuary_entry_pyramid
D:9:      layout_grid_maze, grunt_temple_overflow_open, lair_entry_dummy,
          hiddenorc2_lemuel
Lair:1:   layout_regular_city, eino_small_chamber_without_monster, minivault_27,
          serial_bayou_shore_b, grunt_megastairs_2, uniq_harold
Lair:2:   layout_cave_pods
Lair:3:   layout_loops_ring, enter_volcano_4, gauntlet_entry_generic
Gauntlet: minmay_gauntlet_77_indecision [minmay_gauntlet_arena_77_museum,
          minmay_gauntlet_arena_77_p_blocks, minmay_gauntlet_arena_77_braids,
          minmay_gauntlet_arena_77_mirror,
          minmay_gauntlet_arena_77_double_cross,
          minmay_gauntlet_arena_77_two_paths,
          nicolae_gauntlet_exit_dead_adventurers]

Skill      XL: |  1  2  3  4  5  6  7  8  9 10 11 |
---------------+----------------------------------+-----
Unarmed Combat | 3 4 5 6 7 9 10 12 | 12.6
Transmutations | 2 3 4 6 |  6.7
Dodging        | 2 3 4 5 6 7 |  7.8
Spellcasting   | 3 4 5 6 7 |  7.9
Stealth        | 1 2 3 4 |  4.1
Summonings     | 1 2 |  2.7
Hexes          | 1 |  1.1
Fire Magic     | 1 |  1.0
Fighting       | |  1.1
Ice Magic      | |  0.5

Action                   |  1- 3 |  4- 6 |  7- 9 | 10-12 || total
-------------------------+-------+-------+-------+-------++-------
Melee: Unarmed           |    42 |    76 |   184 |   293 ||   595
       Kick              |    11 |    16 |    38 |    59 ||   124
       Headbutt          |     6 |    10 |    31 |    39 ||    86
       Punch             |     2 |     1 |     7 |    20 ||    30
 Cast: Beastly Appendage |    16 |    25 |    31 |    33 ||   105
       Summon Small Mamm |       |     7 |    10 |     5 ||    22
       Wereblood         |       |       |     5 |     3 ||     8
       Summon Guardian G |       |       |     1 |     4 ||     5
       Foxfire           |       |       |       |     4 ||     4
       Ice Form          |       |       |       |     3 ||     3
Invok: Ancestor Life: Ba |     1 |       |       |       ||     1
       Ancestor Identity |     1 |       |       |       ||     1
Evoke: Wand              |       |       |       |     2 ||     2
  Use: Scroll            |       |       |     5 |     2 ||     7
       Potion            |       |       |     1 |     4 ||     5
 Stab: Sleeping          |     2 |     1 |     2 |     1 ||     6
       Distracted        |       |       |     3 |     1 ||     4
Armor: Robe              |     3 |     3 |    31 |       ||    37
       Steam dragon scal |       |       |     3 |    38 ||    41
       Skin              |       |       |       |     4 ||     4
Dodge: Dodged            |    31 |    61 |    96 |   224 ||   412
       Repelled          |       |       |     1 |       ||     1
